 Seeded DCSS version 0.31-a0-819-gf6de2f5ab6 (webtiles) character file.

Game seed: 20230923 (custom seed)

20556 greenreed the Grappler (level 12, 0/126 HPs)
             Began as a Troll Shapeshifter on Sept 23, 2023.
             Was a Priest of Qazlal.
             Shot with an arrow by a centaur warrior (22 damage)
             ... on level 13 of the Dungeon.
             The game lasted 00:26:47 (10725 turns).

greenreed the Grappler (Troll Shapeshifter)        Turns: 10725, Time: 00:26:48

Health: 0/126      AC:  9    Str: 35    XL:     12   Next: 46%
Magic:  13/13      EV: 10    Int:  6    God:    Qazlal [***...]
Gold:   611        SH:  4    Dex:  5    Spells: 11/11 levels left

rFire   . .          .
                       - Unarmed
rCold   . . .        (shield currently unavailable)
rNeg    . . .        t - +1 robe "Mupaum" {rElec rCorr Dex-4}
rPois   .            (helmet restricted)
rElec   +            (no cloak)
rCorr   +            (gloves unavailable)
SInv    .            (boots unavailable)
Will    .....        (no amulet)
Stlth   +            A - +6 ring of strength
HPRegen 1.21/turn    S - +4 ring of protection
MPRegen 0.13/turn

%: no passive effects
@: flux-form, glowing
A: glow, contaminating, large, unfitting armour, claws 3, regeneration 1, shaggy
fur 1, tough skin 1
a: Begin Untransformation, Renounce Religion, Upheaval, Elemental Force


You were on level 13 of the Dungeon.
You worshipped Qazlal.
Qazlal was most pleased with you.
You were something dangerously unstable.
You visited 2 branches of the dungeon, and saw 14 of its levels.
You also visited: Sewer and Ossuary.

You collected 611 gold pieces.

Inventory:

Hand Weapons
 s - a +1 sling of flaming
 u - a +1 whip of venom
Missiles
 J - a throwing net
Armour
 q - a +2 hat
 t - the +1 robe "Mupaum" (worn) {rElec rCorr Dex-4}
   (You found it on level 3 of the Dungeon)

   Dex-4:     It affects your dexterity (-4).
   rElec:     It insulates you from electricity.
   rCorr:     It protects you from acid and corrosion.
 C - the +1 robe of Terror {rElec rF+ Int+3}
   (You found it on level 5 of the Dungeon)

   Int+3:     It affects your intelligence (+3).
   rF+:       It protects you from fire.
   rElec:     It insulates you from electricity.
 L - a scarf of harm
 M - a +2 robe of willpower
Jewellery
 A - a +6 ring of strength (left claw)
 E - a ring of flight
 Q - a +6 ring of intelligence
 S - a +4 ring of protection (right claw)
 T - a +5 ring of evasion
Talismans
 c - a beast talisman
 d - a flux talisman (active)
 h - a serpent talisman
 p - a maw talisman
Wands
 v - a wand of mindburst (2) (quivered)
 K - a wand of roots (6)
 O - a wand of flame (20)
 U - a wand of digging (6)
 V - a wand of paralysis (6)
Scrolls
 i - 3 scrolls of blinking
 j - 6 scrolls of teleportation
 k - 4 scrolls of amnesia {unknown}
 m - a scroll of brand weapon {unknown}
 o - a scroll of vulnerability {unknown}
 r - a scroll of acquirement {unknown}
 y - a scroll of summoning
 H - a scroll of revelation
 I - 6 scrolls of poison
 R - a scroll of fog
 W - a scroll of enchant weapon {unknown}
 X - a scroll of fear {unknown}
 Y - a scroll of enchant armour {unknown}
Potions
 a - a potion of invisibility {unknown}
 b - a potion of lignification
 e - 12 potions of curing
 f - 3 potions of attraction
 g - 7 potions of heal wounds
 l - 5 potions of enlightenment
 n - 5 potions of brilliance
 w - a potion of berserk rage {unknown}
 x - a potion of magic
 z - 2 potions of cancellation {unknown}
 D - a potion of degeneration {unknown}
 F - a potion of might {unknown}
 G - a potion of haste {unknown}
 N - a potion of mutation {unknown}
 P - a potion of resistance {unknown}
Miscellaneous
 B - a phantom mirror


   Skills:
 * Level 10.2 Fighting
 + Level 7.2 Dodging
 * Level 12.5 Unarmed Combat
 + Level 2.7 Invocations
 + Level 8.3 Shapeshifting


You had 11 spell levels left.
You didn't know any spells.
Your spell library contained the following spells:

 Spells                   Type           Power      Damage    Failure   Level
 Slow                     Hex            0%         N/A       45%         1
 Blink                    Tloc           0%         N/A       58%         2
 Cigotuvi's Dreadful Rot  Necr/Pois/Air  0%         N/A       58%         2
 Call Canine Familiar     Summ           0%         N/A       83%         3
 Confusing Touch          Hex            0%         N/A       83%         3
 Ignite Poison            Fire/Tmut/Pois 0%         N/A       83%         3
 Sigil of Binding         Hex            0%         N/A       83%         3
 Tukima's Dance           Hex            0%         N/A       83%         3
 Vampiric Draining        Necr           0%         2d6       83%         3
 Cause Fear               Hex            0%         N/A       99%         4
 Dimensional Bullseye     Hex/Tloc       0%         N/A       99%         4
 Iskenderun's Mystic Bla  Conj/Tloc      0%         2d3       99%         4
 Leda's Liquefaction      Hex/Erth       0%         N/A       99%         4
 Manifold Assault         Tloc           0%         N/A       99%         4
 Fireball                 Conj/Fire      0%         3d3       100%        5
 Freezing Cloud           Conj/Ice/Air   0%         6-21      100%        5
 Chain Lightning          Conj/Air       0%         N/A       100%        9
 Dragon's Call            Summ           0%         N/A       100%        9
 Fire Storm               Conj/Fire      0%         5d1       100%        9
 Shatter                  Erth           0%         3d5*      100%        9


Dungeon Overview and Level Annotations

Branches:
Dungeon (13/15)            Temple (1/1) D:6            Lair (0/5) D:10
    Orc (0/2) D:12          Sewer (visited)         Ossuary (visited)
 Vaults: D:13-14

Altars:
Ashenzari
Cheibriados
Dithmenos
Elyvilon
Fedhas
Gozag
Hepliaklqana
Kikubaaqudgha
Makhleb
Nemelex Xobeh
Okawaru
Qazlal
Ru
Sif Muna
Trog
Uskayaw
Vehumet
Wu Jian
Xom
Yredelemnul
Zin
The Shining One

Shops:
D:2 [

Annotations:
D:9 3 runed translucent doors, ShaperDreaming's ghost, novice DjFE


Innate Abilities, Weirdness & Mutations

You are something dangerously unstable.
You glow with magical radiation, making you easy to see and hit.
Foes you strike become dangerously contaminated with magical radiation.
You are incapable of wielding weapons or throwing items.
You are too large for most types of armour.
You have claws for hands.
Your natural rate of healing is unusually fast.
You are covered in fur. (AC +1)
You have tough skin. (AC +1)


Message History

The brown ugly thing is engulfed in freezing vapours.
You kill the brown ugly thing!
Qazlal accepts your kill.
The centaur wields a +0 orcbow.
The centaur shoots an arrow.
The arrow hits you!
The centaur shoots an arrow.
The arrow barely misses you.
The centaur shoots an arrow.
The arrow hits you!
Things that are here:
a +2 flail of protection; a +0 shortbow; 42 gold pieces The centaur shoots an arrow.
The arrow hits you but does no damage.
The centaur warrior wields a +0 orcbow.
The centaur warrior shoots an arrow.
You block the arrow.
The centaur shoots an arrow.
The arrow hits you.
The centaur shoots an arrow.
You block the arrow.
The centaur warrior shoots an arrow.
The arrow barely misses you.
The centaur shoots an arrow.
The arrow hits you.
The centaur warrior shoots an arrow.
The arrow hits you!
The centaur shoots an arrow.
The arrow hits you.
The centaur warrior shoots an arrow.
The arrow hits you!
You hear a shout!
The centaur warrior shoots an arrow.
The arrow hits you!!
* * * LOW HITPOINT WARNING * * *
Found 13 gold pieces.
The centaur shoots an arrow.
The arrow hits you.
* * * LOW HITPOINT WARNING * * *
Found an escape hatch in the ceiling.
The centaur shoots an arrow.
You block the arrow.
The centaur warrior shoots an arrow.
The arrow hits you!
* * * LOW HITPOINT WARNING * * *
The centaur shoots an arrow.
The arrow misses you.
You feel much better.
The centaur warrior shoots an arrow.
The arrow hits you!
* * * LOW HITPOINT WARNING * * *
The centaur shoots an arrow.
The arrow misses you.
A centaur comes into view.
The centaur warrior shoots an arrow.
The arrow completely misses you.
You see here a scroll of identify.
The centaur shoots an arrow.
The arrow completely misses you.
The centaur shoots an arrow.
The arrow hits you!
* * * LOW HITPOINT WARNING * * *
The centaur warrior shoots an arrow.
You block the arrow.
The centaur warrior shoots an arrow.
The arrow hits you!!
You die...

##### ####################
..... ....................
#...# #................c
#...# #................c
#.<.# #...............##
#####.$.# #.............
.......c#######.)...........
.......cc......p#######.....
###...c#######.# .....
#....# #.# ..## # #....# #.#
..# #....# #.#
#../c#######.#
####..cc........#
................#######
.......c......####....#


You could see a centaur warrior.

Vanquished Creatures
  A centaur warrior (D:13)
  3 two-headed ogres
  The ghost of GilGalad the Ducker, a novice GnMo of Dithmenos (D:7)
  An ugly thing (D:13)
  2 manticores
  An oklob plant (D:10)
  A gargoyle (D:11)
  3 unseen horrors
  3 kobold demonologists (D:10)
  4 yaktaurs
  A komodo dragon (D:12)
  4 trolls
  An efreet (D:13)
  A hornet (D:8)
  2 shadows
  5 slime creatures (D:12)
  23 yaks
  12 vampire mosquitoes
  A wyvern (D:7)
  3 steam dragons
  4 water moccasins
  7 orc warriors
  A sky beast (D:6)
  A black bear (D:4)
  4 ogres
  7 centaurs
  5 kobold brigands
  5 bullfrogs
  A gnoll sergeant (D:13)
  3 water moccasin zombies (Ossuary)
  4 scorpions
  5 wights (D:8)
  4 killer bees (D:11)
  7 howler monkeys
  5 hounds
  8 orc priests
  A gnoll bouda (D:5)
  Ijyb (D:5)
  3 sleepcaps
  3 iguanas
  9 orc wizards
  2 mummies (Ossuary)
  12 gnolls
  8 adders
  2 river rats (D:6)
  A shadow imp (D:7)
  3 white imps
  3 adder zombies (Ossuary)
  3 dart slugs
  36 orcs
  10 ball pythons
  15 endoplasms
  19 giant cockroaches
  3 goblins
  6 hobgoblins
  5 jackals
  16 kobolds
  8 quokkas
  3 bats
  11 frilled lizards
  2 gnoll zombies (Ossuary)
  6 hobgoblin zombies (Ossuary)
  7 kobold zombies (Ossuary)
  6 orc zombies (Ossuary)
  7 rats
355 creatures vanquished.

Vanquished Creatures (others)
  An orc (D:8)
1 creature vanquished.

Grand Total: 356 creatures vanquished

Notes
Turn   | Place    | Note
-------+----------+-------------------------------------------
     0 | D:1      | greenreed the Troll Shapeshifter began the quest for the
                  | Orb.
     0 | D:1      | Reached XP level 1. HP: 18/18 MP: 0/0
   215 | D:1      | Reached skill level 1 in Fighting
   290 | D:1      | Reached XP level 2. HP: 27/27 MP: 1/1
   917 | D:2      | Found a faded altar of an unknown god.
  1008 | D:2      | Reached XP level 3. HP: 33/33 MP: 2/2
  1378 | D:2      | Found Sito's Armour Shop.
  1884 | D:3      | Reached XP level 4. HP: 18/42 MP: 3/3
  2084 | D:3      | Identified the +1 robe "Mupaum" {rElec rCorr Dex-4}
  2365 | D:4      | Noticed a black bear
  2370 | D:4      | Killed a black bear
  2371 | D:4      | Reached skill level 4 in Unarmed Combat
  2371 | D:4      | Reached XP level 5. HP: 50/50 MP: 4/4
  2421 | D:4      | Found a glowing golden altar of the Shining One.
  2546 | D:4      | Reached XP level 6. HP: 52/59 MP: 5/5
  2774 | D:4      | Reached skill level 5 in Unarmed Combat
  2988 | D:5      | Entered Level 5 of the Dungeon
  2996 | D:5      | Reached XP level 7. HP: 51/67 MP: 6/6
  3071 | D:5      | Noticed Ijyb
  3081 | D:5      | Killed Ijyb
  3119 | D:5      | Found a sand-covered staircase.
  3151 | Ossuary  | Entered an ossuary
  3205 | Ossuary  | Reached skill level 6 in Unarmed Combat
  3416 | D:5      | Found a large runed translucent door.
  3417 | D:5      | Found a large runed translucent door.
  3424 | D:5      | Noticed a yak
  3438 | D:5      | Reached XP level 8. HP: 79/79 MP: 7/7
  3454 | D:5      | Found a large runed translucent door.
  3454 | D:5      | Found a large runed translucent door.
  3495 | D:5      | Identified the +5 dagger of Bespelled Valour {protect, rN+}
  3537 | D:5      | Identified the +1 robe of Terror {rElec rF+ Int+3}
  3675 | D:5      | Reached skill level 5 in Fighting
  3679 | D:5      | Reached skill level 7 in Unarmed Combat
  3690 | D:5      | Reached skill level 5 in Shapeshifting
  3879 | D:5      | Found a white marble altar of Elyvilon.
  4066 | D:6      | Reached XP level 9. HP: 71/88 MP: 8/8
  4076 | D:6      | Found a staircase to the Ecumenical Temple.
  4259 | D:6      | Found a glowing drain.
  4263 | Sewer    | Entered a sewer
  4583 | Temple   | Entered the Ecumenical Temple
  4590 | Temple   | Became a worshipper of Qazlal Stormbringer
  4643 | D:6      | Reached skill level 8 in Unarmed Combat
  4742 | D:6      | Found an opulent altar of Gozag.
  5021 | D:7      | Found a runed translucent gate.
  5021 | D:7      | Found a runed translucent gate.
  5021 | D:7      | Found a runed translucent gate.
  5029 | D:7      | Noticed GilGalad's ghost (novice GnMo)
  5031 | D:7      | Identified the +9 plate armour of the Heavens {rC+ Regen+}
  5085 | D:7      | Found a bloodstained altar of Trog.
  5094 | D:7      | Identified the +6 short sword of Duem {heavy, rF+ Int+3}
  5123 | D:7      | Found a glowing silver altar of Zin.
  5123 | D:7      | Found a sparkling altar of Nemelex Xobeh.
  5679 | D:7      | Killed GilGalad's ghost
  5680 | D:7      | Reached skill level 5 in Dodging
  5680 | D:7      | Reached skill level 9 in Unarmed Combat
  5700 | D:7      | Reached XP level 10. HP: 51/102 MP: 9/9
  5795 | D:8      | Reached * piety under Qazlal
  6096 | D:8      | Paralysed by a hornet for 3 turns
  6242 | D:8      | Found a blossoming altar of Fedhas.
  6430 | D:9      | Found a runed translucent gate.
  6430 | D:9      | Found a runed translucent gate.
  6430 | D:9      | Noticed a spectral wolf spider
  6431 | D:9      | Found a runed translucent gate.
  6432 | D:9      | Noticed a spectral centaur warrior
  6432 | D:9      | Noticed ShaperDreaming's ghost (novice DjFE)
  6698 | D:10     | Entered Level 10 of the Dungeon
  6722 | D:10     | Reached ** piety under Qazlal
  6823 | D:10     | Reached skill level 10 in Unarmed Combat
  7073 | D:10     | Noticed an oklob plant
  7245 | D:10     | Reached XP level 11. HP: 84/113 MP: 10/10
  7443 | D:10     | Found a staircase to the Lair.
  7455 | D:10     | Killed an oklob plant
  7836 | D:11     | Reached skill level 11 in Unarmed Combat
  8071 | D:11     | Noticed a two-headed ogre
  8094 | D:11     | Killed a two-headed ogre
  8324 | D:11     | Reached *** piety under Qazlal
  8859 | D:12     | Noticed a two-headed ogre
  8870 | D:12     | Killed a two-headed ogre
  8955 | D:12     | Found a staircase to the Orcish Mines.
  8997 | D:12     | Reached skill level 1 in Invocations
  9098 | D:12     | Found a broken altar of Ashenzari.
  9170 | D:12     | Reached XP level 12. HP: 107/126 MP: 11/11
  9557 | D:12     | Reached skill level 12 in Unarmed Combat
 10004 | D:13     | Noticed a centaur warrior
 10004 | D:13     | Noticed a two-headed ogre
 10147 | D:13     | Killed a two-headed ogre
 10148 | D:13     | Reached skill level 10 in Fighting
 10638 | D:13     | Killed a centaur warrior
 10701 | D:13     | Noticed a centaur warrior
 10725 | D:13     | Shot with an arrow by a centaur warrior

Illustrated notes

Levels and vault maps discovered:
D:1:      dpeg_arrival_three_smaller_balls, layout_basic
D:2:      layout_loops_corners, serial_shops, shop,
          dreamdust_ecumenical_altar_grove
D:3:      layout_loops_ring
D:4:      layout_rooms, mainiacjoe_overflow_chevrons,
          hangedman_decor_peaks_small
D:5:      layout_rooms, mainiacjoe_overflow_boulevard,
          chequers_ossuary_entry_cave, minmay_hollow_rounded_squares, uniq_ijyb
D:6:      layout_loops_cross, mainiacjoe_overflow_brackets,
          minmay_temple_entry_glass, gup_sewer_entry_bowl
D:7:      layout_loops_ring, mainiacjoe_overflow_large_starburst,
          old_standard_altar, biasface_ghost_orc_armoury
D:8:      nicolae_cairo_tiling_large_dashed, layout_rooms, kennysheep_mini
D:9:      layout_basic, gammafunk_ghost_necromancy
D:10:     layout_basic, dpeg_oklobed_lair, kennysheep_generic_room_11
D:11:     layout_long_grid, hangedman_abyss_or_decor_stabs
D:12:     layout_loops_ring, david_orc_3, evilmike_ruin_ashenzari
D:13:     layout_small_grid, serial_shops, nicolae_shop_statue_plus
Temple:   nicolae_temple_no_exploring_needed

Skill      XL: |  1  2  3  4  5  6  7  8  9 10 11 12 |
---------------+-------------------------------------+-----
Fighting       | 1 2 3 4 5 7 8 9 10 | 10.2
Dodging        | 2 3 4 5 6 7 |  7.2
Unarmed Combat | 4 5 6 7 9 10 11 12 | 12.5
Shapeshifting  | 4 5 6 7 8 |  8.3
Invocations    | 1 2 |  2.7

Action                     |  1- 3 |  4- 6 |  7- 9 | 10-12 || total
---------------------------+-------+-------+-------+-------++-------
  Melee: Unarmed           |    90 |    84 |   364 |   415 ||   953
         Punch             |     2 |     3 |    15 |     8 ||    28
 Invoke: Upheaval          |       |       |       |     2 ||     2
  Evoke: Wand              |       |       |       |     7 ||     7
    Use: Potion            |       |       |     2 |     1 ||     3
         Scroll            |       |       |       |    11 ||    11
 Armour: Animal skin       |    27 |     2 |       |       ||    29
         Robe              |       |    79 |   194 |   398 ||   671
         Skin              |       |       |    13 |       ||    13
  Dodge: Dodged            |    42 |    51 |   134 |   197 ||   424
  Block: Other             |       |       |       |    62 ||    62
         Form:             |       |       |       |     1 ||     1
         Flux              |       |       |       |     1 ||     1

Table legend: (Time is in decaauts)
 A = Elapsed time spent in this place.
 B = Non-inter-level travel time spent in this place.
 C = Inter-level travel time spent in this place.
 D = Time resting spent in this place.
 E = Time spent auto-exploring this place.
 F = Levels seen in this place.
 G = Mean time per level.
                   A        B        C        D        E       F      G
               +--------+--------+--------+--------+--------+-----+--------+
         Total |  10600 |  10004 |    596 |    439 |   7157 |  16 |  662.5 |
       Dungeon |  10160 |   9576 |    584 |    439 |   6976 |  13 |  781.5 |
        Temple |     14 |      2 |     12 |      0 |      0 |   1 |   14.0 |
         Sewer |    227 |    227 |      0 |      0 |     74 |   1 |  227.0 |
       Ossuary |    198 |    198 |      0 |      0 |    107 |   1 |  198.0 |
               +--------+--------+--------+--------+--------+-----+--------+

Top non-repeatable levels by time:
    D:12: 1346 daAuts
    D:11: 1146 daAuts
    D:10: 860 daAuts
     D:1: 846 daAuts
     D:5: 817 daAuts
     D:2: 803 daAuts
     D:7: 776 daAuts
     D:6: 724 daAuts
     D:3: 713 daAuts
     D:4: 611 daAuts
     D:8: 544 daAuts
    D:13: 494 daAuts
     D:9: 472 daAuts
   Sewer: 227 daAuts
 Ossuary: 198 daAuts
